 Dungeon Crawl Stone Soup version 0.27.1-1-g398f81649c (webtiles) character file.

Game seed: 8962801702634881008

256 Elvor the Sneak (level 6, -4/57 HPs)
             Began as a Gargoyle Delver on Sept 20, 2021.
             Slain by a killer bee (7 damage)
             ... on level 6 of the Dungeon.
             The game lasted 00:05:25 (778 turns).

Elvor the Sneak (Gargoyle Delver)                    Turns: 778, Time: 00:05:26

Health: -4/57      AC:  7    Str: 17    XL:     6   Next: 15%
Magic:  6/6        EV: 11    Int: 11    God:
Gold:   0          SH:  0    Dex: 11    Spells: 5/5 levels left

rFire    . . .     SeeInvis .   a - +0 mace
rCold    . . .     Faith    .   (no shield)
rNeg     + . .     Spirit   .   b - +0 leather armour
rPois    ∞         Reflect  .   (no helmet)
rElec    +         Harm     .   (no cloak)
rCorr    .         Rampage  .   (no gloves)
Will     .....                  (no boots)
Stlth    ..........             (no amulet)
HPRegen  0.19/turn              (no ring)
MPRegen  0.10/turn              (no ring)

@: berserking (expiring), very quick
A: sickness immunity, AC +4, negative energy resistance 1, electricity
resistance, torment resistance 1, petrification resistance
a: no special abilities


You were on level 6 of the Dungeon.
You visited 2 branches of the dungeon, and saw 3 of its levels.

Inventory:

Hand Weapons
 a - a +0 mace (weapon)
Missiles
 f - an atropa-tipped dart (quivered)
Armour
 b - a +0 leather armour (worn)
Wands
 g - a wand of digging (2)
Scrolls
 c - a scroll of fog
 d - a scroll of teleportation {unknown}
Potions
 h - a potion of brilliance {unknown}


   Skills:
 + Level 3.8 Fighting
 + Level 2.7 Maces & Flails
 + Level 0.1 Throwing
 + Level 2.5 Armour
 + Level 1.9 Dodging
 + Level 7.6 Stealth
 + Level 0.2 Evocations


You had 5 spell levels left.
You didn't know any spells.
Your spell library was empty.

Dungeon Overview and Level Annotations

Branches:
Dungeon (6/15)             Temple (1/1) D:5

Altars:
Ashenzari
Cheibriados
Dithmenos
Elyvilon
Fedhas
Hepliaklqana
Kikubaaqudgha
Makhleb
Nemelex Xobeh
Sif Muna
Trog
Vehumet
Xom
Yredelemnul
Zin

Portals:
Ossuary: D:6

Annotations:
D:6 Dowan, Duvessa


Innate Abilities, Weirdness & Mutations

You are immune to sickness and miasma.
Your stone body is resilient. (AC +4)
You are immune to poison.
You resist negative energy. (rN+)
You are resistant to electric shocks. (rElec)
You are resistant to unholy torment.
You are immune to petrification.


Message History

You hit the mummy.
The mummy is lightly damaged.
The mummy hits you!
You sock the mummy!
The mummy is severely damaged.
You sock the mummy!
You destroy the mummy!
A black bear comes into view.
There is an open door, spattered with blood here.
The black bear bites you. The black bear completely misses you.
The black bear claws you but does no damage.
A phantom comes into view.
The black bear bites you but does no damage.
The black bear misses you.
The black bear claws you but does no damage.
The killer bee buzzes angrily.
The killer bee stings you but does no damage.
The black bear bites you.
* * * LOW HITPOINT WARNING * * *
The black bear claws you but does no damage.
The black bear completely misses you.
The killer bee stings you but does no damage.
The killer bee stings you.
* * * LOW HITPOINT WARNING * * *
It was a potion of berserk rage.
A red film seems to cover your vision as you go berserk!
You feel yourself moving faster!
You feel mighty!
You hear the slow hiss of an avalanche of sand.
The killer bee barely misses you.
The killer bee stings you but does no damage.
The black bear bites you.
* * * LOW HITPOINT WARNING * * *
The black bear claws you but does no damage.
The black bear claws you.
* * * LOW HITPOINT WARNING * * *
You are too berserk!
You feel a strong urge to attack something.
You feel your anger nearly subside. The killer bee stings you!
You die...

*,,,* *,,,,,,,,,,,,,* *,*,
*****,,,* *..,,,,,,,,,,,* *,*,
*,,,+,,,* *#.#**,,*,,,,,* *,*,
*,***,,,* #..***,*,,,,,* *,*,
*,,,,,,** #..,,,,.#*,*** *,*,
*,,***,*#######.#,..*.##.* #.#,
*,,,,*,*#.......#*..#.##.# #.##
,,,,,,,*#.......###...##.#####.##
**,,****#.......@∩##...#.##....##
,,,,.,,,+......y###.#..#.##....##
****#.,##.......##..##...##....##
,,,,...#.......h#...###..##....##
,*,,)...............'.##.........
,*,<..##........#...###..#....###
,*,*............##..##...#.......
,*,,...#........###.#....#....###
,,,,,,,#.######.'.##..##>#....#


You could see a black bear and a killer bee.

Vanquished Creatures
  A bullfrog (D:6)
  2 killer bees (D:6)
  A howler monkey (D:6)
  A centaur zombie (D:5)
  An iguana (D:6)
  A mummy (D:6)
  A quokka (D:5)
  A goblin zombie (D:6)
  A hobgoblin zombie (D:6)
10 creatures vanquished.

Vanquished Creatures (others)
  4 fungi (D:6)
4 creatures vanquished.

Grand Total: 14 creatures vanquished

Notes
Turn   | Place    | Note
-------+----------+-------------------------------------------
     0 | D:5      | Elvor the Gargoyle Delver began the quest for the Orb.
     0 | D:5      | Reached XP level 1. HP: 14/14 MP: 1/1
     8 | D:5      | Found a staircase to the Ecumenical Temple.
    17 | Temple   | Entered the Ecumenical Temple
   229 | D:5      | Reached skill level 6 in Stealth
   229 | D:5      | Reached XP level 2. HP: 3/19 MP: 2/2
   229 | D:5      | Reached XP level 3. HP: 3/23 MP: 3/3
   600 | D:5      | Noticed an ogre
   632 | D:6      | Noticed Dowan
   632 | D:6      | Noticed a bullfrog
   634 | D:6      | Noticed a killer bee
   634 | D:6      | Noticed a killer bee
   634 | D:6      | Noticed Duvessa
   635 | D:6      | Noticed a killer bee
   660 | D:6      | Noticed a water moccasin
   718 | D:6      | Found a sand-covered staircase.
   742 | D:6      | Killed a killer bee
   743 | D:6      | Reached XP level 4. HP: 28/28 MP: 4/4
   747 | D:6      | Reached skill level 1 in Armour
   747 | D:6      | Reached skill level 7 in Stealth
   747 | D:6      | Reached XP level 5. HP: 33/33 MP: 5/5
   766 | D:6      | Reached XP level 6. HP: 25/38 MP: 6/6
   769 | D:6      | Noticed a black bear
   775 | D:6      | HP: 2/57 [black bear (1)]
   778 | D:6      | Slain by a killer bee

Illustrated notes

Levels and vault maps discovered:
D:5:      layout_gridville, general_overflow_altar, temple_fountains,
          uniq_menkaure
D:6:      layout_basic, mainiacjoe_overflow_chevrons,
          nicolae_ossuary_entry_giza, uniq_sigmund, uniq_duvessa, uniq_grinder
Temple:   regret_index_temple_waves

Skill      XL: |  1  2  3  4  5 |
---------------+----------------+-----
Stealth        | 6 7 |  7.6
Armour         | 1 2 |  2.5
Fighting       | |  3.8
Maces & Flails | |  2.7
Throwing       | |  0.1
Dodging        | |  1.9
Evocations     | |  0.2

Action                   |  1- 3 |  4- 6 || total
-------------------------+-------+-------++-------
Melee: Mace              |    21 |    20 ||    41
Throw: Dart              |     2 |       ||     2
Evoke: Wand              |     2 |     3 ||     5
  Use: Potion            |     1 |     1 ||     2
       Scroll            |     2 |       ||     2
 Stab: Paralysed         |     2 |    11 ||    13
       Sleeping          |     2 |       ||     2
Armor: Leather armour    |    18 |    10 ||    28
Dodge: Dodged            |    28 |     6 ||    34
